Cogmind - Beta 9.6 @@@ ROGUE MODE // 2020.08.05 @ 17:36:33 Player: Grey_Frog Result: Destroyed by G-34 Mercenary with Small Laser Performance ------------- Evolutions (1) 500 Regions Visited (2) 400 Robots Destroyed (39) 195 Value Destroyed (595) 595 Prototype IDs (1) 20 Alien Tech Used (0) 0 Bonus (0) 0 TOTAL SCORE: 1710 Bonus ------- None Cogmind --------- Core Integrity 0/400 Matter 300/300 Energy 99/100 System Corruption 0% Temperature Cool (6) Movement Core (200) Ox3 Location -9/Materials Parts ------- > --- POWER (1) -------- (None) > --- PROPULSION (3) --- (None) > --- UTILITY (3) ------ Small Storage Unit Small Storage Unit Small Storage Unit > --- WEAPON (2) ------- (None) > --- INVENTORY (10) --- Improved Sensor Array Improved Signal Interpreter Peak State ------------ > --- POWER ------------ Light Ion Engine > --- PROPULSION ------- Aluminum Leg Aluminum Leg > --- UTILITY ---------- Small Storage Unit Small Storage Unit Small Storage Unit > --- WEAPON ----------- Improved EM Shotgun Improved EM Shotgun > --- INVENTORY -------- Improved Sensor Array Improved Signal Interpreter Improved EM Shotgun Improved EM Shotgun [Rating: 13] Favorites ----------- Power Light Ion Engine Engine Light Ion Engine Propulsion Compact Wheel Leg Aluminum Leg Wheel Compact Wheel Utility Small Storage Unit Device Improved Terrain Scanner Storage Small Storage Unit Weapon Assault Rifle Energy Gun Improved EM Shotgun Energy Cannon Beam Cannon Ballistic Gun Assault Rifle Special Melee Weapon Datajack Build | -11 -10 -9 ------- Run | Scr Mat Mat Slots Evolved 2 | . . 2 Power . | . . . Propulsion 1 | . . 1 Utility 1 | . . 1 Weapon . | . . . Parts Attached 29 | 7 6 16 Power 4 | 1 1 2 Engine 4 | 1 1 2 Core . | . . . Reactor . | . . . Propulsion 5 | 2 . 3 Treads . | . . . Leg 2 | . . 2 Wheel 3 | 2 . 1 Hover . | . . . Flight . | . . . Utility 6 | 2 1 3 Device 3 | 1 . 2 Storage 3 | 1 1 1 Processor . | . . . Hackware . | . . . Protection . | . . . Artifact . | . . . Weapon 14 | 2 4 8 Energy Gun 6 | . 1 5 Energy Cannon 1 | . 1 . Ballistic Gun 6 | 2 2 2 Ballistic Cannon . | . . . Launcher . | . . . Special Weapon . | . . . Impact Weapon . | . . . Slashing Weapon . | . . . Piercing Weapon . | . . . Special Melee Weapon 1 | . . 1 Unidentified Prototypes 1 | . . 1 Parts Lost 13 | . . 13 Power 1 | . . 1 Propulsion 4 | . . 4 Utility . | . . . Weapon 8 | . . 8 Highest Loss Streak 5 | . . 5 Average Slot Usage (%) 89 | . 99 83 Engine 11 | . 14 9 Leg 5 | . . 9 Wheel 18 | . 28 12 Device 1 | . 1 1 Storage 29 | . 26 31 Energy Gun 5 | . 1 8 Energy Cannon 4 | . 10 . Ballistic Gun 11 | . 15 9 Naked Turns . | . . . Heaviest Build 21 | 13 18 21 Greatest Support 48 | 32 32 48 Greatest Overweight (x) 5 | . . 5 Average Overweight (x) . | . . . Largest Inventory Capacity 10 | 6 8 10 Average Capacity 8 | 5 7 9 Most Carried 8 | 6 8 7 Average Carried 5 | 4 6 4 Final Capacity 10 | 6 8 10 Final Carried 7 | 6 7 2 Class Distribution -------------------- 100% | Mutant Dominant Class ---------------- Mutant | -10/Materials Mutant | -9/Materials Resources | -11 -10 -9 ----------- Run | Scr Mat Mat Matter Collected 668 | 246 179 243 Remotely . | . . . Salvage Created 1143 | 100 367 676 Parts 90 | 6 24 60 Haulers Intercepted 1 | . . 1 Recyclers Shooed 1 | . 1 . Parts Field Recycled . | . . . Retrieved Matter . | . . . Parts Self-Destructed . | . . . Prevented . | . . . Kills | -11 -10 -9 ------- Run | Scr Mat Mat Combat Hostiles Destroyed 26 | . 6 20 Guns 22 | . 2 20 Cannons 4 | . 4 . Classes Destroyed 10 | 2 6 2 Worker 1 | . 1 . Builder 2 | . 1 1 Tunneler 2 | 2 . . Hauler 1 | . . 1 Recycler 4 | 1 1 2 Operator 1 | . 1 . Watcher 2 | . 1 1 Swarmer 18 | . 2 16 Grunt 7 | . 4 3 Sentry 1 | . . 1 Best Kill Streak 5 | 2 4 5 Combat Bots Only 4 | . 2 4 Max Kills in Single Turn 2 | 1 1 2 Gunslinging 1 | . . 1 Exploded . | . . . Melee . | . . . Uniques/NPCs Destroyed . | . . . Combat | -11 -10 -9 -------- Run | Scr Mat Mat Damage Taken 1768 | . 241 1527 Core 445 | . 36 409 Absorbed by Shields . | . . . Core Remaining (%) 92 | 100 85 . Volleys Fired 92 | 5 25 62 Largest 2 | 2 2 2 Hottest 90 | 40 80 90 Shots Fired 144 | 10 50 84 Gun 120 | 10 26 84 Cannon 24 | . 24 . Launcher . | . . . Special . | . . . Kinetic 75 | 10 25 40 Thermal 42 | . 25 17 Explosive . | . . . Electromagnetic 27 | . . 27 Robot Hit Streak 10 | 4 10 8 Robot Miss Streak 6 | 2 4 6 Penetration Max . | . . . Secondary Targets 3 | . . 3 Max Gunslinging Chain 1 | . . 1 Shots Hit Robots 88 | 5 27 56 Core Hits 47 | 4 13 30 Critical Hits . | . . . Critical Kills . | . . . Critical Parts Destroyed . | . . . Melee Attacks . | . . . Impact . | . . . Slashing . | . . . Piercing . | . . . Sneak Attacks . | . . . Combat Hostiles . | . . . Follow-up Attacks . | . . . Damage Inflicted 1474 | 56 414 1004 Guns 938 | 56 118 764 Cannons 296 | . 296 . Explosions 236 | . . 236 Melee . | . . . Ramming 4 | . . 4 Kinetic 499 | 56 118 325 Thermal 689 | . 296 393 Explosive . | . . . Electromagnetic 282 | . . 282 Impact . | . . . Slashing . | . . . Piercing . | . . . Highest Corruption . | . . . Average Corruption . | . . . Corruption Purged . | . . . Overload Shots . | . . . Overflow Damage 104 | . . 104 Projectiles . | . . . Explosions 104 | . . 104 Melee . | . . . Knockbacks . | . . . Impact . | . . . Kinetic . | . . . Secondary . | . . . Self-Inflicted Damage 83 | . . 83 Shots 2 | . . 2 Rammed 5 | . . 5 Targets Rammed 5 | . . 5 Kicked . | . . . Crushed . | . . . Highest Temperature 117 | . 117 33 Average Temperature 37 | . 40 18 Received Heat Transfer 360 | . 39 321 Siege Activations . | . . . Robots Corrupted . | . . . Combat Hostiles . | . . . Parts Fried . | . . . Impact Corruptions . | . . . Robots Melted . | . . . Combat Hostiles . | . . . Parts Melted 1 | . 1 . Heat Transferred 1229 | . 629 600 Parts Sabotaged . | . . . Parts Stolen . | . . . Parts Stripped . | . . . Power Chain Reactions 2 | . . 2 Missiles Intercepted . | . . . Alert | -11 -10 -9 ------- Run | Scr Mat Mat Peak Influence 307 | 15 181 307 Average Influence 103 | 6 69 147 Maximum Alert Level 1 | . . 1 Low Security (%) 83 | 100 100 68 Level 1 16 | . . 31 Level 2 . | . . . Level 3 . | . . . Level 4 . | . . . Level 5 . | . . . High Security . | . . . Max Security . | . . . Squads Dispatched 2 | . 1 1 Investigation . | . . . Extermination . | . . . Reinforcement 2 | . 1 1 Assault . | . . . Garrison . | . . . Intercept . | . . . Construction Impeded 1 | . . 1 Haulers Reinforced . | . . . Stealth | -11 -10 -9 --------- Run | Scr Mat Mat Distress Signals 3 | . 2 1 Communications Jammed . | . . . Distress Signals . | . . . Times Spotted 45 | . 15 30 Peak Tracking Total 5 | . 4 5 Tactical Retreats 3 | . 1 2 Traps | -11 -10 -9 ------- Run | Scr Mat Mat Traps Triggered . | . . . Indirectly . | . . . Trap Hack Attempts . | . . . Triggered . | . . . Disarmed . | . . . Reprogrammed . | . . . Reused . | . . . Traps Extracted . | . . . Installed . | . . . Triggered . | . . . Machines | -11 -10 -9 ---------- Run | Scr Mat Mat Machines Disabled 2 | . . 2 Max in Single Turn 1 | . . 1 Machines Sabotaged . | . . . Garrisons Compromised . | . . . Overloaded Fab Kills . | . . . Fab Network Shutdowns . | . . . Hacking | -11 -10 -9 --------- Run | Scr Mat Mat Machines Accessed 3 | . 2 1 Terminals 2 | . 1 1 Fabricators . | . . . Repair Stations . | . . . Recycling Units 1 | . 1 . Scanalyzers . | . . . Garrison Access . | . . . Total Hacks 12 | . 6 6 Successful 7 | . 5 2 Failed 5 | . 1 4 Catastrophic . | . . . Database Lockouts . | . . . Manual 4 | . . 4 Terminals 8 | . 2 6 Fabricators . | . . . Repair Stations . | . . . Recycling Units 4 | . 4 . Scanalyzers . | . . . Garrison Access . | . . . Terminal Hacks 3 | . 1 2 Emergency Access Points 1 | . 1 . Disarm Traps 1 | . . 1 Hauler Manifests 1 | . . 1 Fabricator Hacks . | . . . Repair Station Hacks . | . . . Recycling Unit Hacks 4 | . 4 . Recycle Component 2 | . 2 . Process 1 | . 1 . Retrieve Components 1 | . 1 . Scanalyzer . | . . . Garrison Access Hacks . | . . . Unauthorized Hacks . | . . . Terminals . | . . . Fabricators . | . . . Repair Stations . | . . . Recycling Units . | . . . Scanalyzers . | . . . Garrison Access . | . . . Data Cores Recovered . | . . . Used . | . . . Hacking Detections 3 | . 2 1 Full Trace Events 1 | . 1 . Feedback Events . | . . . Feedback Blocked . | . . . Robot Schematics Acquired . | . . . Robots Built . | . . . Matter . | . . . Time . | . . . Total Robot Build Rating . | . . . Part Schematics Acquired . | . . . Parts Built . | . . . Matter . | . . . Time . | . . . Total Part Build Rating . | . . . Parts Repaired . | . . . Time . | . . . Parts Recycled 2 | . 2 . Recycled Matter 165 | . 165 . Retrieved Matter . | . . . Retrieved Components . | . . . Parts Scanalyzed . | . . . Part Schematics Acquired . | . . . Parts Damaged . | . . . Bothacking | -11 -10 -9 ------------ Run | Scr Mat Mat Used RIF Installer . | . . . Robots Hacked . | . . . Non-combat . | . . . Combat . | . . . Robot Hacks Applied . | . . . Relay Couplers Released . | . . . Robots Rewired . | . . . Allies Hacked . | . . . Hacks Repelled . | . . . Allies | -11 -10 -9 -------- Run | Scr Mat Mat Total Allies . | . . . Largest Group . | . . . Highest-Rated Group . | . . . Highest-Rated Ally . | . . . Total Orders . | . . . Ally Attacks . | . . . Total Damage . | . . . Kills . | . . . Allies Corrupted . | . . . Allies Melted . | . . . Intel | -11 -10 -9 ------- Run | Scr Mat Mat Robot Analysis Total . | . . . Derelict Logs Recovered . | . . . Drone Launches . | . . . Drone Recoveries . | . . . Exploration | -11 -10 -9 ------------- Run | Scr Mat Mat Turns Passed 1531 | 205 501 825 Spaces Moved 1011 | 183 377 451 Core 38 | 15 . 23 Treads . | . . . Legs 163 | . . 163 Wheels 810 | 168 377 265 Hover . | . . . Flight . | . . . Fastest Speed 50 | 50 100 100 Average Speed 108 | 95 100 120 Slowest Speed 300 | 100 100 300 Overloaded Moves . | . . . Propulsion Burnouts . | . . . Robots Hopped . | . . . Cave-ins Triggered . | . . . Exploration Rate (%) 18 | 8 32 14 Regions Visited 2 Branch Regions . Pre-discovered Areas . | . . . Known Exits Taken . | . . . Unknown Exits Taken 2 | 1 1 . Scrap Searched . | . . . Spaces Dug . | . . . Terrain Destroyed 4 | . . 4 Melee . | . . . Projectile . | . . . AOE 4 | . . 4 Actions | -11 -10 -9 --------- Run | Scr Mat Mat Total 1292 | 200 451 641 Wait 125 | . 33 92 Move 1009 | 182 376 451 Hop . | . . . Pick Up 19 | 6 5 8 Fast Attach 11 | 7 3 1 Attach 10 | . 1 9 Detach 2 | . 1 1 Swap 8 | . 2 6 Drop 11 | . 5 6 Fire 92 | 5 25 62 Melee . | . . . Ram 5 | . . 5 Kick . | . . . Crush . | . . . Escape Stasis . | . . . Rewire . | . . . Trap . | . . . Miscellaneous . | . . . Route ------- -11/Scrapyard -10/Materials -9/Materials History --------- Turn | Location | Event 27 | -11/Scrapyard | Discovered new exit (range 16) 206 | -11/Scrapyard | Entered Materials 331 | -10/Materials | Build established: Mutant 607 | -10/Materials | Discovered new exit (range 13) 707 | -10/Materials | Entered another Materials area 707 | -9/Materials | Evolved 2 slots: Propulsion x1, Utility x1 1131 | -9/Materials | Lost 3 parts (2n1w) 1477 | -9/Materials | Core integrity fell below 50% 1492 | -9/Materials | Lost 5 parts (1p2n2w) 1500 | -9/Materials | Core integrity fell below 20% 1532 | -9/Materials | Destroyed by G-34 Mercenary with Small Laser Last Messages --------------- 01495_ K-01 Serf collects debris. 01496_ U-05 Engineer builds a Wall. 01497_ U-05 Engineer lays Concrete. 01500_ U-05 Engineer builds a Wall. 01501_ U-05 Engineer lays Concrete. 01502_ Acquired 3 matter. 01503_ U-05 Engineer lays Concrete. 01505_ Imp. EM Shotgun destroyed. 01506_ U-05 Engineer lays Concrete. 01513_ Slammed into U-05 Engineer. 01513_ Imp. EM Shotgun permanently disabled. 01513_ Destabilizing: Short circuit. 01513_ K-01 Serf collects debris. 01513_ U-05 Engineer destroyed. 01514_ K-01 Serf collects debris. 01514_ R-06 Scavenger collects Flight Unit. 01517_ Broken Imp. EM Shotgun destroyed. 01517_ K-01 Serf collects debris. 01517_ R-06 Scavenger collects Wheel. 01521_ R-06 Scavenger collects Flight Unit. Map ----- +----------------------------------------------------+ | ?????????????????????????# ????????############# | | ?????????????????????????# ????????# | | ?????????????????????????# #???????# | | ?????????????????????????# #???????# | | ?????????????????????????# ######### ######### | | ?????????????????????????# ## """*#*= # """ #? | | ?????????????????????????# ## """%#=[ # "T" #? | | ?????????????????????????# ## """%/%*%+ #? | | ?????????????????????????# ## =*=#[%[# ## | | ?????????????????????????# ## ==#=%%# + | | ?????????????????????????# ## *# # ## | | ?????????????????????????# ######### ########? | | ?????????????????????????# #???????# #???????? | | ?????????????????????????# #???????# #???????? | | ?????????????????????????# #???????# #???????? | | ???????# ????????????????# #???????#% #???????? | | ???????# ??????????????# #???????# #???????? | | ???????? #####?????????# #??????## %##??????? | | ???????? ^ ########## ######## !#??????? | | ???????? %% #??????? | | ????????? #??????? | | ??????????""" """ !! % #??????? | | ???????# """ """ !! %k###### #??????? | | ???????# """ "" a % #????#######??????? | | ???????# *g #?????????????????? | | ???????# r kYg @ #?????????????????? | | ???????# #######/######### #?????????????????? | | ??????????????# [ [*%#?????# #?????????????????? | | ??????????????#" *%=%#?????# #?????????????????? | | ??????????????#"T %*!#?????# #?????????????????? | | ??????????????#"" #?????# #?????????????????? | | ??????????????# #?????# #?????????????????? | | ??????????????# * #?????# #?????????????????? | | ??????????????########?????# #?????????????????? | | ???????????????????????????# #?????????????????? | | ???????????????????????????# #?????????????????? | | ???????????????????????????# #?????????????????? | | ???????????????????????????? ?????????????????? | | ???????????????????????????? ??????????????????? | | ???????????????????????????? ??????????????????? | | ?????????????????????????????????????????????????? | | ?????????????????????????????????????????????????? | | ?????????????????????????????????????????????????? | | ?????????????????????????????????????????????????? | | ?????????????????????????????????????????????????? | | ?????????????????????????????????????????????????? | | ?????????????????????????????????????????????????? | | ?????????????????????????????????????????????????? | | ?????????????????????????????????????????????????? | | ?????????????????????????????????????????????????? | +----------------------------------------------------+ Best States ------------- Heat Dissipation 28 Energy Generation 10 Energy Capacity 250 Matter Stores 300 Matter Capacity 300 Sight Range 16 Robot Scan Range 13 Terrain Scan Range 16 Terrain Scan Density 10 Evasion (%) 50 Item Schematics ----------------- None Robot Schematics ------------------ None Fabricated ------------ Nothing Alien Tech Used ----------------- None Achievements -------------- None Challenges ------------ None Game ------ Seed SwarmLegMagmablaster Manual? 0 Play Time 00:34:19 Cumulative 16.7 hours Start 2020.08.05 @ 10:03:24 End 2020.08.05 @ 17:36:33 Sessions 1 Manual Loads 0 Difficulty Rogue Special Mode None Game No. 17 Rogue 17 Adventurer 0 Explorer 0 Win Type - Total 0 Types 0/0/0/0/0/0/0 Lore% 9 Gallery% 20 Achievement% 17 Wizard Run 0 Options --------- ASCII 0 Keyboard 1 Movement Arrows Keybinds 0 Fullscreen 1 Font 12/Terminus Map View 83x54 Tactical HUD 1 Map Filters NONE Filters NONE Steam 1 RUN: 933127ee-d41e-4021-98b8-ff380bec58a1